Map: Orbital Shipyard

Players

LilDicky

  • Race: Terran Terran
  • League: Diamond

WagonWheel - Winner!

  • Race: Terran Terran
  • League: Diamond

VOD

http://www.twitch.tv/tumescentpie

Description

Time

  • Played on: Dec. 11, 2015, 1:09 a.m.
  • Length: 16:25
Show
View Real Time Build Order
Export as new Build Order

LilDicky Terran 

Build Orders: Hellion Banshee 

Get SALT Encoding   

  12  0:02  SCV  
  13  0:14  SCV  
  14  0:19  Supply Depot  
  14  0:26  SCV  
  14  0:28  Refinery  
  15  0:40  SCV  
  16  0:45  Barracks  
  16  0:52  SCV  
  17  1:04  SCV  
  18  1:13  Refinery  
  18  1:16  SCV  
  19  1:21  Supply Depot  
  19  1:36  SCV  
  20  1:42  Reaper  
  21  1:48  Orbital Command  
  20  2:08  Factory  
  21  2:21  Barracks Reactor  
  20  2:25  SCV  
  21  2:37  SCV  
  21  2:39  Command Center  
  22  2:49  SCV  
  23  3:01  SCV  
  23  3:03  Starport  
  24  3:09  Barracks Tech Lab  
  24  3:10  Hellion  
  24  3:11  Hellion  
  28  3:13  SCV  
  28  3:19  Engineering Bay  
  29  3:25  SCV  
  29  3:26  Supply Depot  
  30  3:38  SCV  
  31  3:48  Hellion x2  
  34  3:49  Missile Turret  
  34  3:51  Banshee, Cloaking Field  
  34  3:55  SCV  
  38  4:02  Orbital Command  
  38  4:07  SCV  
  38  4:09  Hellion  
  41  4:13  Hellion  
  43  4:19  SCV  
  44  4:27  SCV  
  45  4:33  Barracks Tech Lab  
  45  4:34  SCV, Missile Turret  
  45  4:36  Factory  
  42  4:50  Hellion x2  
  44  4:58  Banshee  
  44  4:59  SCV  
  48  5:00  SCV  
  46  5:12  SCV x2  
  48  5:16  Hellion  
  48  5:17  Hellion  
  52  5:25  SCV x2  
  54  5:32  Command Center  
  54  5:33  Siege Tank  
  57  5:36  Supply Depot  
  57  5:39  Hellion x2  
  61  5:43  Supply Depot  
  61  5:55  SCV  
  62  5:57  Banshee  
  62  5:58  SCV  
  62  6:00  Refinery  
  62  6:01  Refinery  
  66  6:06  Supply Depot  
  66  6:07  SCV  
  66  6:08  Supply Depot, Siege Tank  
  66  6:09  Hellion  
  51  6:32  Supply Depot  
  51  6:33  SCV x2  
  51  6:38  Supply Depot  
  53  6:40  Widow Mine x3  
  53  6:44  Banshee  
  53  6:45  SCV  
  63  6:47  Orbital Command  
  63  6:49  SCV  
  64  6:57  SCV  
  64  7:00  Armory  
  65  7:06  Missile Turret  
  65  7:09  SCV x2, Widow Mine  
  69  7:15  Missile Turret  
  69  7:16  Missile Turret  
  69  7:17  Missile Turret x2  
  69  7:20  SCV  
  69  7:21  SCV, Widow Mine  
  73  7:23  Siege Tank  
  70  7:39  Hellion  
  72  7:46  SCV x2  
  72  7:48  Banshee  
  72  7:51  Hellion  
  79  7:55  Siege Tank  
  82  8:02  Refinery  
  82  8:03  SCV, Refinery  
  82  8:05  Command Center  
  83  8:07  SCV  
  83  8:08  SCV  
  85  8:27  Siege Tank  
  85  8:34  Hellion x2  
  86  8:44  Factory  
  86  8:45  Terran Vehicle And Ship Armor Level 1, Armory  
  86  8:46  SCV x2, Factory  
  88  8:48  Factory  
  88  8:56  Hellion x2  
  88  9:00  Sensor Tower  
  92  9:05  Missile Turret  
  92  9:07  Missile Turret  
  92  9:19  Hellion  
  92  9:20  Hellion x2  
  98  9:27  Missile Turret  
  98  9:28  Supply Depot  
  98  9:30  Orbital Command  
  98  9:31  Supply Depot  
  98  9:37  Factory Tech Lab x2, Factory Reactor  
  98  9:39  Terran Vehicle Weapons Level 1  
  98  9:40  Infernal Pre-Igniter  
  93  9:53  Hellion x2, Siege Tank  
  93  9:58  Sensor Tower  
  99  10:20  Refinery  
  99  10:25  Siege Tank  
  91  10:32  Viking  
  91  10:52  Missile Turret  
  91  10:53  SCV x2  
  91  10:55  Hellion x2, Siege Tank x2  
  91  10:56  Terran Vehicle And Ship Armor Level 2  
  103  11:07  Command Center  
  103  11:43  Missile Turret  
  103  11:44  Missile Turret  
  100  11:51  Hellion x2, Siege Tank x3  
  100  11:52  Terran Vehicle Weapons Level 2  
  100  11:53  SCV x2  
  107  12:14  Hellion x3  
  110  12:21  Orbital Command  
  106  12:23  Siege Tank x3  
  106  12:25  Banshee  
  116  12:32  Starport  
  116  12:35  Starport  
  116  12:36  Starport x2  
  116  12:44  Orbital Command  
  116  12:55  Siege Tank  
  104  13:07  Hellion, Siege Tank x2  
  104  13:08  Viking  
  104  13:33  Missile Turret  
  104  13:38  Hellion x3, Siege Tank  
  104  13:39  Siege Tank x2, Starport Reactor  
  104  13:40  Starport Reactor  
  119  13:47  SCV x2  
  121  13:48  Missile Turret  
  121  13:49  Hellion  
  123  14:00  Hellion x3  
  126  14:04  Fusion Core  
  126  14:06  Banshee  
  129  14:10  Siege Tank, Starport  
  129  14:11  Hellion  
  129  14:12  Viking  
  106  14:30  Viking x4  
  108  14:32  Hellion, Siege Tank  
  108  14:33  Hellion x2, Siege Tank  
  116  14:42  Viking  
  106  14:48  Banshee  
  98  15:00  Missile Turret x2  
  98  15:01  Missile Turret  
  98  15:05  Missile Turret  
  98  15:07  Hellion x3, Siege Tank  
  107  15:44  Orbital Command  
  101  16:14  Starport Tech Lab  
  85  16:23  Starport Tech Lab  
Show
View Real Time Build Order
Export as new Build Order

WagonWheel Terran - Winner!

Build Orders: MMM Bio 

Get SALT Encoding   

  12  0:01  SCV  
  13  0:13  SCV  
  14  0:17  Supply Depot  
  14  0:25  SCV  
  15  0:39  SCV  
  15  0:42  Barracks  
  16  0:51  SCV  
  17  0:58  Refinery  
  17  1:03  SCV  
  18  1:15  SCV  
  19  1:33  Marine  
  19  1:34  Orbital Command  
  20  1:42  Command Center  
  20  1:55  Marine  
  20  2:00  SCV  
  22  2:10  Supply Depot  
  22  2:13  Barracks  
  22  2:14  SCV  
  23  2:20  Barracks  
  23  2:31  Marine  
  23  2:32  SCV  
  26  2:44  SCV  
  26  2:49  Marine  
  27  3:01  SCV  
  27  3:04  Barracks Tech Lab  
  28  3:07  Marine  
  28  3:12  Marine  
  30  3:17  Supply Depot  
  30  3:20  SCV  
  30  3:21  Engineering Bay  
  30  3:25  Marine x2, Orbital Command  
  33  3:27  Stimpack  
  33  3:30  Marine  
  33  3:32  SCV  
  35  3:43  Marine  
  35  3:44  SCV  
  37  3:51  Marine  
  37  3:54  Barracks Reactor  
  37  3:55  SCV  
  39  3:57  SCV  
  39  4:01  Barracks Tech Lab  
  40  4:07  SCV  
  41  4:10  Missile Turret  
  41  4:14  Missile Turret, Marine  
  42  4:21  Marine  
  42  4:23  SCV, Bunker  
  42  4:24  SCV  
  45  4:29  Supply Depot  
  45  4:32  Marine  
  45  4:35  SCV, Combat Shields, Marine x2  
  45  4:36  SCV  
  50  4:39  Marauder  
  52  4:55  Marine x2  
  52  4:56  Marine  
  52  4:59  SCV x2  
  57  5:00  Marine  
  57  5:08  Supply Depot  
  57  5:11  SCV x2  
  57  5:12  Refinery  
  57  5:13  Marine x2  
  61  5:18  Command Center  
  61  5:23  SCV  
  62  5:30  SCV  
  62  5:32  Refinery  
  63  5:39  Engineering Bay  
  63  5:40  Factory  
  63  5:41  Supply Depot  
  63  5:44  SCV x2  
  64  5:52  Marine x2  
  64  5:53  Refinery, Concussive Shells  
  64  5:54  Marauder  
  64  5:55  Marauder  
  70  6:03  SCV x2  
  72  6:06  Supply Depot  
  72  6:15  SCV  
  69  6:29  Marine x2  
  69  6:30  Marine x2  
  73  6:33  Factory Reactor  
  73  6:34  Starport  
  73  6:36  Orbital Command  
  73  6:37  Terran Infantry Weapons Level 1, Terran Infantry Armor Level 1  
  73  6:38  SCV x2  
  75  6:54  Orbital Command  
  75  6:58  Barracks  
  75  7:00  Marauder x2, Marine x2  
  81  7:03  Barracks  
  81  7:07  Missile Turret  
  80  7:17  Marine  
  80  7:18  Marine  
  80  7:21  Marine x2  
  84  7:39  Marine  
  84  7:40  Medivac x2, Marauder  
  91  7:44  Armory  
  91  7:48  Supply Depot x2, SCV x3  
  94  7:54  Missile Turret  
  94  7:55  Missile Turret  
  94  7:56  Missile Turret  
  94  7:57  Supply Depot  
  94  7:58  Missile Turret  
  94  7:59  Supply Depot  
  94  8:02  SCV  
  94  8:03  SCV x2  
  97  8:05  Refinery  
  97  8:07  Refinery  
  97  8:08  Factory Tech Lab  
  97  8:09  Barracks Reactor  
  96  8:14  SCV  
  96  8:15  SCV  
  95  8:21  Marine x2  
  95  8:26  Marine x3  
  97  8:38  Marine  
  97  8:39  SCV, Marine  
  97  8:40  Medivac  
  97  8:41  Terran Infantry Armor Level 2, Terran Infantry Weapons Level 2, Medivac  
  104  8:44  Marine  
  105  8:51  Terran Vehicle And Ship Armor Level 1  
  105  8:57  Siege Tank  
  105  8:58  Marine x2  
  105  9:02  SCV x2  
  112  9:03  SCV  
  112  9:05  Starport  
  112  9:06  Supply Depot  
  112  9:07  Supply Depot  
  113  9:14  SCV x2  
  116  9:26  SCV  
  116  9:27  SCV  
  116  9:31  Medivac x2  
  121  9:32  Siege Tank  
  122  10:01  Marine  
  122  10:02  Marauder, Marine  
  126  10:25  Liberator x2  
  108  10:39  Marine x2  
  108  10:40  Marauder x2, Marine x2  
  108  10:41  Siege Tank  
  112  10:46  Terran Vehicle And Ship Armor Level 2, Starport Tech Lab  
  109  10:55  Command Center  
  109  10:57  Liberator  
  108  11:01  Marauder  
  108  11:03  Marauder, Marine x4  
  116  11:05  Barracks Reactor  
  116  11:07  Liberator  
  116  11:16  Terran Infantry Weapons Level 3, Terran Infantry Armor Level 3  
  119  11:20  Marine, Fusion Core  
  119  11:21  Marine  
  119  11:23  Marauder  
  119  11:25  Marauder  
  128  11:35  Marine x2  
  128  11:38  Marine  
  131  11:41  Liberator  
  131  11:44  Missile Turret, Marauder  
  131  11:46  Marauder  
  134  11:51  Missile Turret  
  134  11:56  Missile Turret, Marine x2  
  134  11:58  Medivac  
  141  12:06  Marauder  
  137  12:35  SCV x2  
  137  12:36  SCV  
  134  13:17  Missile Turret  
  134  13:19  Missile Turret  
  128  13:20  Command Center  
  128  13:21  Missile Turret  
  128  13:22  Missile Turret  
  128  13:25  Planetary Fortress, Liberator x2  
  128  13:30  Marine x2  
  128  13:31  Marauder  
  135  13:41  Siege Tank  
  135  13:43  Medivac  
  135  13:45  Terran Vehicle And Ship Armor Level 3  
  135  13:46  Advanced Ballistics  
  135  13:48  Marine x4  
  143  13:49  Marauder  
  143  13:52  Marauder  
  150  13:55  Liberator  
  147  14:08  Liberator x2  
  147  14:22  Marine x4  
  147  14:23  Marauder x2  
  158  14:35  Marine x2  
  158  14:38  Liberator  
  158  14:44  Marauder x2  
  145  14:56  Liberator x2  
  144  15:04  Marine x3  
  144  15:06  Siege Tank, Marauder x2  
  148  15:08  Hi-Sec Auto Tracking  
  154  15:17  Marine x3  
  157  15:22  Marine x2  
  155  15:55  Marine x2  
  155  15:56  Marine x2, Marauder  
Tags
 
Add a new tag
Caveats
  • Supply blocks, unpowered buildings, or Contaminate may cause inaccurate times.
  • Supply counts are checked every 10 seconds.